 Dungeon Crawl Stone Soup version 0.18-a0-1570-gf60b0ab (webtiles) character file.

252 Duffy the Skirmisher (level 6, -7/53 HPs)
             Began as a Formicid Assassin on Mar 14, 2016.
             Killed by divine providence
             ... invoked by an orc priest
              (10 damage)
             ... on level 3 of the Dungeon.
             The game lasted 00:02:45 (3018 turns).

Duffy the Skirmisher (Formicid Assassin)            Turns: 3018, Time: 00:02:46

Health: -7/53      AC:  7    Str: 15    XL:     6   Next: 36%
Magic:  6/6        EV:  9    Int: 11    God:
Gold:   92         SH:  0    Dex: 14    Spells: 0 memorised, 5 levels left

rFire  + . .     SeeInvis +     a - +2 dagger
rCold  . . .     Gourm    .     n - +0 scale mail
rNeg   . . .     Faith    .     (no shield)
rPois  .         Spirit   .     (helmet unavailable)
rElec  .         Dismiss  .     d - +0 cloak
rCorr  .         Reflect  .     (no gloves)
SustAt .         Harm     .     (no boots)
MR     +....                    z - amulet of magic regeneration
Stlth  +.........               x - ring of protection from fire
                                q - ring of protection from magic

@: somewhat resistant to hostile enchantments, very unstealthy
A: permanent stasis, dig shafts and tunnels, four strong arms, antennae 3
a: Dig, Shaft Self


You were on level 3 of the Dungeon.
You were not hungry.

You visited 1 branch of the dungeon, and saw 3 of its levels.

You collected 92 gold pieces.


Innate Abilities, Weirdness & Mutations

You are under a permanent stasis effect.
You can dig through walls and to a lower floor.
Your four strong arms can wield two-handed weapons with a shield.
You have a pair of large antennae on your head (SInv).


   Skills:
 + Level 6.9 Fighting
 - Level 2.0 Short Blades
 - Level 2.0 Throwing
 - Level 0.8 Dodging
 - Level 4.8 Stealth


You had 5 spell levels left.
You didn't know any spells.

Inventory:

Hand Weapons
 a - a +2 dagger (weapon)
 b - a +0 blowgun
Missiles
 e - 4 poisoned needles
 f - 10 curare-tipped needles
Armour
 c - a +0 robe
 d - a +0 cloak (worn)
 l - a +0 ring mail
 n - a +0 scale mail (worn)
Jewellery
 q - a ring of protection from magic (left hand)
 x - a ring of protection from fire (right hand)
 y - an uncursed ring of see invisible
 z - an amulet of magic regeneration (around neck)
Scrolls
 j - 3 scrolls of remove curse {unknown}
 k - a scroll of enchant weapon {unknown}
 o - a scroll of identify {unknown}
 r - a scroll of fog {unknown}
 w - a scroll of enchant armour {unknown}
 B - a scroll of blinking {unknown}
Potions
 h - 3 potions of curing {unknown}
 m - a potion of mutation {unknown}
 v - a potion of flight {unknown}
Books
 A - a book of Callings
Comestibles
 g - a bread ration
 i - a royal jelly
 p - a slice of pizza
 s - a beef jerky
 t - a meat ration
 u - 2 fruits
 C - a chunk of flesh

Dungeon Overview and Level Annotations

Branches:
Dungeon (3/15)

Altars:
Dithmenos


Message History

Aim: an orc priest, wielding a morningstar and wearing a ring mail (poisoned)
You shoot a poisoned needle.
The poisoned needle hits the orc priest!
The orc priest looks even sicker.
The orc priest miscasts a cantrip.
Wield which item (- for none, * to show all)? (? for menu, Esc to quit)
a - a +2 dagger (weapon)
You retract your mandibles.
You barely miss the orc priest.
The orc priest is lightly wounded.
The orc priest hits you with a morningstar!
You hit the orc priest but do no damage.
The orc priest is lightly wounded.
The orc priest hits you but does no damage.
You hit the orc priest.
The orc priest is moderately wounded.
The orc priest miscasts a cantrip.
You barely miss the orc priest.
The orc priest is heavily wounded.
The orc priest hits you with a morningstar!
You barely miss the orc priest.
The orc priest is severely wounded.
You hit the orc priest but do no damage.
The orc priest is almost dead.
The orc priest mumbles some strange prayers to Beogh against you.
Beogh smites you!
You hear a shout!
You are too injured to fight recklessly!
You barely miss the orc priest.
The orc priest is almost dead.
The orc priest hits you with a morningstar!
You closely miss the orc priest.
The orc priest is severely wounded.
The orc priest calls down the wrath of Beogh upon you.
Beogh smites you!
You die...

#...########.## #...#
#.## #...# #.## #...#
#.## #######...##
#####>..
#..........###.......
####{.......#####.
##o#...###### #.
#@#{...# #. ####...#
#. #.{..# #. #.#..#
#. #...... #.#
###..... ## #.###


You could see an orc priest.

Action                   |  1- 3 |  4- 6 || total
-------------------------+-------+-------++-------
Melee: Dagger            |   108 |   116 ||   224
 Fire: Blowgun           |       |    10 ||    10
 Abil: Dig               |       |     1 ||     1
 Stab: Sleeping          |     9 |     4 ||    13
  Eat: Chunk             |     2 |     5 ||     7

Notes
Turn   | Place    | Note
--------------------------------------------------------------
     0 | D:1      | Duffy the Formicid Assassin began the quest for the Orb.
     0 | D:1      | Reached XP level 1. HP: 16/16 MP: 1/1
   306 | D:1      | Reached XP level 2. HP: 23/23 MP: 2/2
   324 | D:1      | Reached skill level 3 in Fighting
   861 | D:1      | Reached XP level 3. HP: 29/29 MP: 3/3
  1136 | D:2      | Found a shadowy altar of Dithmenos.
  1305 | D:2      | Reached skill level 4 in Fighting
  1599 | D:2      | Reached XP level 4. HP: 24/38 MP: 4/4
  2014 | D:2      | Reached skill level 5 in Fighting
  2029 | D:2      | Reached XP level 5. HP: 32/44 MP: 5/5
  2364 | D:3      | Noticed a hippogriff
  2393 | D:3      | Killed a hippogriff
  2393 | D:3      | Reached skill level 6 in Fighting
  2393 | D:3      | Reached XP level 6. HP: 48/53 MP: 6/6
  3018 | D:3      | Killed from afar by an orc priest

Vault maps used:
D:1:      scummos_arrival_gate
D:2:      nicolae_dithmenos_shadow_blocks
D:3:      kennysheep_the_goblin_king, nicolae_ru_awakened_eye

Vanquished Creatures
  A hippogriff
  7 adders
  A worm
  A giant gecko
  An orc
  4 ball pythons
  4 bats
  A giant cockroach
  4 hobgoblins
  10 kobolds
  A quokka
  A ball python skeleton
  2 giant newts
  13 goblins
  6 rats
57 creatures vanquished.
